Map: Ulrena

Players

felsgunde - Winner!

  • Race: Protoss Protoss
  • League: Diamond

LilDicky

  • Race: Terran Terran
  • League: Diamond

VOD

http://www.twitch.tv/tumescentpie

Description

Time

  • Played on: Dec. 10, 2015, 1:07 p.m.
  • Length: 13:26
Show
View Real Time Build Order
Export as new Build Order

felsgunde Protoss - Winner!

Build Orders:  

Get SALT Encoding   

  12  0:02  Probe (Chrono Boost)  
  13  0:12  Probe (Chrono Boost)  
  14  0:18  Pylon  
  14  0:24  Probe (Chrono Boost)  
  15  0:37  Probe (Chrono Boost)  
  15  0:41  Gateway  
  16  0:47  Probe (Chrono Boost)  
  17  0:58  Probe (Chrono Boost)  
  17  0:59  Assimilator  
  18  1:04  Assimilator  
  18  1:08  Probe (Chrono Boost)  
  19  1:13  Gateway  
  19  1:21  Probe (Chrono Boost)  
  20  1:31  Cybernetics Core  
  20  1:34  Probe (Chrono Boost)  
  21  1:44  Probe (Chrono Boost)  
  22  1:48  Pylon  
  22  1:55  Probe (Chrono Boost)  
  22  2:07  Probe (Chrono Boost)  
  22  2:08  Adept x2  
  27  2:17  Mothership Core (Chrono Boost)  
  27  2:20  Pylon  
  29  2:25  Warp Gate (Chrono Boost)  
  29  2:36  Probe  
  30  2:42  Robotics Facility  
  30  2:51  Probe  
  31  3:14  Nexus  
  31  3:15  Probe  
  32  3:27  Probe  
  33  3:47  Observer  
  33  3:48  Stalker x2  
  32  3:50  Probe  
  35  4:00  Pylon  
  35  4:02  Probe, Pylon, Gateway  
  36  4:08  Gateway  
  36  4:15  Probe  
  37  4:19  Observer  
  38  4:25  Probe  
  38  4:27  Probe  
  40  4:36  Probe  
  41  4:39  Probe  
  42  4:55  Stalker x2  
  44  5:15  Stalker  
  44  5:16  Stalker  
  48  5:22  Probe  
  48  5:23  Probe  
  48  5:27  Assimilator  
  50  5:36  Robotics Bay  
  50  5:43  Sentry  
  50  5:44  Adept x2  
  50  5:45  Sentry  
  58  5:55  Pylon  
  58  6:04  Sentry  
  58  6:05  Adept  
  58  6:07  Probe, Adept  
  58  6:09  Probe  
  66  6:12  Pylon  
  66  6:17  Pylon  
  66  6:20  Pylon  
  66  6:21  Probe  
  49  6:47  Pylon  
  49  6:49  Probe  
  49  6:51  Probe, Pylon  
  51  6:55  Assimilator  
  51  6:56  Pylon  
  51  7:00  Gateway, Disruptor  
  51  7:01  Gateway  
  54  7:03  Gateway  
  54  7:04  Gateway  
  54  7:16  Stalker x2, Sentry  
  54  7:17  Sentry  
  49  7:40  Disruptor  
  49  7:42  Stalker  
  49  7:43  Stalker  
  49  7:44  Zealot x2  
  60  7:52  Nexus  
  60  7:54  Probe  
  61  7:59  Probe  
  62  8:06  Probe  
  62  8:09  Probe  
  64  8:17  Adept  
  63  8:28  Zealot x3  
  50  9:31  Disruptor  
  50  9:34  Gateway  
  50  9:38  Pylon  
  50  9:47  Pylon  
  50  9:50  Pylon  
  46  10:13  Pylon  
  46  10:18  Probe x2  
  36  10:36  Zealot x5  
  36  10:40  Cybernetics Core  
  37  10:44  Colossus  
  37  10:48  Probe x2  
  35  10:59  Probe  
  35  11:00  Zealot  
  35  11:01  Zealot x6  
  35  11:02  Zealot  
  48  11:17  Stalker  
  44  11:27  Stalker x3  
  44  11:29  Sentry  
  42  11:45  Stalker  
  42  11:46  Stalker  
  44  11:49  Probe  
  41  12:00  Stalker x2  
  43  12:02  Sentry x2  
  47  12:10  Probe x2  
  47  12:12  Probe  
  50  12:20  Probe  
  39  12:53  Stalker x3  
  39  12:54  Adept  
  39  12:55  Adept  
  39  12:57  Sentry  
  53  13:22  Stalker x2  
Show
View Real Time Build Order
Export as new Build Order

LilDicky Terran 

Build Orders: Hellion Opening, MMM Bio 

Get SALT Encoding   

  12  0:01  SCV  
  13  0:15  SCV  
  13  0:18  Supply Depot  
  14  0:27  SCV  
  15  0:37  Refinery  
  15  0:41  SCV  
  16  0:45  Barracks  
  16  0:56  SCV  
  17  1:16  SCV  
  18  1:20  Supply Depot  
  18  1:28  SCV  
  19  1:37  Marine  
  20  1:41  Orbital Command  
  20  1:49  Factory  
  20  1:55  Marine  
  21  2:08  SCV  
  22  2:12  Refinery  
  22  2:20  Barracks Reactor, SCV  
  23  2:33  SCV  
  24  2:37  Barracks  
  24  2:42  Barracks  
  24  2:52  SCV  
  25  3:02  Hellion x2  
  29  3:08  SCV  
  30  3:14  Barracks Tech Lab  
  30  3:15  Supply Depot  
  31  3:27  Hellion  
  31  3:29  Hellion  
  30  3:38  SCV  
  33  3:48  Hellion  
  33  3:50  Stimpack, Marine  
  33  3:51  Hellion  
  33  3:52  Barracks Tech Lab  
  33  3:53  Barracks Reactor  
  33  3:54  Starport  
  36  4:02  SCV  
  37  4:08  Marine  
  38  4:11  Marine  
  38  4:13  Supply Depot  
  39  4:18  Combat Shields, Hellion x2  
  43  4:26  Marauder  
  43  4:29  Marine  
  46  4:34  Marine  
  46  4:35  Medivac, Marine  
  48  4:47  Marine  
  41  5:01  Marine x2  
  41  5:02  Marauder  
  41  5:05  Marauder  
  45  5:15  Medivac  
  45  5:19  Marine  
  48  5:23  Marauder  
  48  5:25  Marine  
  48  5:27  Marauder  
  53  5:36  Marine  
  50  5:43  Marine  
  50  5:44  Marauder  
  50  5:45  Concussive Shells  
  50  5:47  Marine  
  54  5:53  Supply Depot  
  54  5:56  SCV  
  55  5:58  Starport Reactor  
  55  6:14  Widow Mine x2  
  55  6:15  Marauder  
  47  6:42  Marine x2  
  47  6:43  Marauder x2  
  45  6:47  SCV  
  45  6:49  Medivac x2  
  50  7:00  Marine x2  
  52  7:04  SCV, Marauder x2  
  57  7:17  Marine x2  
  59  7:25  Marine x2  
  54  7:35  Marine x2  
  52  7:43  Marauder  
  52  7:47  Marine  
  53  7:53  Marine x2  
  53  7:56  Command Center  
  55  8:05  Marauder, Marine  
  58  8:06  Medivac x2  
  58  8:11  Marine  
  63  8:21  Marine  
  63  8:23  Marauder  
  63  8:26  Marauder  
  49  8:41  Marine  
  49  8:42  Marine  
  49  8:44  Marine  
  49  8:47  Marine  
  48  8:59  Marine x2  
  48  9:02  Marine  
  50  9:05  Marine  
  45  9:17  Marine x2  
  45  9:20  Marauder  
  45  9:23  Marauder  
  44  9:35  Marine  
  45  9:41  Marauder  
  45  9:45  Marine  
  44  10:12  Marine x3  
  47  10:33  Marine x2  
  47  10:34  Marine x2  
  48  10:51  Marine x2  
  50  11:01  Marine x2  
  52  11:09  Marine x2  
  54  11:21  Marauder  
  54  11:23  Marauder  
  54  11:27  Marine  
  54  11:28  Marine  
  49  11:42  Marine  
  47  11:47  Marine  
  39  12:13  Marine x2  
  41  12:18  Orbital Command  
  16  13:04  Marine  
Tags
 
Add a new tag
Caveats
  • Supply blocks, unpowered buildings, or Contaminate may cause inaccurate times.
  • Supply counts are checked every 10 seconds.